 Dungeon Crawl Stone Soup version 0.31-a0-236-g9a0961fb85 (webtiles) character file.

Game seed: 15465641119913073653

379 qw the Shooter (level 6, -2/38 HPs)
             Began as a Gargoyle Hexslinger on July 10, 2023.
             Slain by a quokka (4 damage)
             ... on level 3 of the Dungeon.
             The game lasted 00:01:28 (3367 turns).

qw the Shooter (Gargoyle Hexslinger)                Turns: 3367, Time: 00:01:29

Health: -2/38      AC:  6    Str: 18    XL:     6   Next: 74%
Magic:  0/7        EV: 12    Int: 13    God:
Gold:   103        SH:  0    Dex: 14    Spells: 6/7 levels left

rFire   . . .        Y - +1 sling
rCold   . . .        (no shield)
rNeg    + . .        c - +0 robe
rPois   inf          (no helmet)
rElec   +            (no cloak)
rCorr   .            (no gloves)
SInv    .            (no boots)
Will    .....        e - amulet of guardian spirit
Stlth   +            d - +6 ring of strength
HPRegen 0.26/turn    (no ring)
MPRegen 0.10/turn

%: guardian spirit
@: no status effects
A: sickness immunity, AC +4, negative energy resistance 1, electricity
resistance, torment resistance 1, petrification resistance
a: no special abilities


You were on level 3 of the Dungeon.
You visited 1 branch of the dungeon, and saw 4 of its levels.
You also visited: Sewer.

You collected 103 gold pieces.


Innate Abilities, Weirdness & Mutations

You are immune to sickness and miasma.
Your stone body is resilient. (AC +4)
You are immune to poison.
You resist negative energy. (rN+)
You are resistant to electric shocks. (rElec)
You are resistant to unholy torment.
You are immune to petrification.


   Skills:
 + Level 3.9 Fighting
 - Level 6.0 Ranged Weapons
 - Level 1.5 Dodging
 - Level 1.0 Spellcasting
 - Level 2.6 Hexes


You had 6 spell levels left.
You knew the following spells:

 Your Spells              Type           Power      Damage    Failure   Level
a - Slow                  Hex            28%        N/A       10%         1

Your spell library contained the following spells:

 Spells                   Type           Power      Damage    Failure   Level
 Inner Flame              Hex/Fire       4%         N/A       43%         3
 Portal Projectile        Hex/Tloc       8%         N/A       43%         3
 Cause Fear               Hex            3%         N/A       67%         4

Inventory:

Hand Weapons
 Y - a +1 sling (weapon)
Armour
 c - a +0 robe (worn)
Jewellery
 d - a +6 ring of strength (left hand)
 e - an amulet of guardian spirit (around neck)
Scrolls
 a - a scroll of identify
Potions
 b - 4 potions of enlightenment
 f - a potion of lignification {unknown}
 g - a potion of curing {unknown}
 i - a potion of cancellation
 j - a potion of brilliance {unknown}
 l - a potion of magic {unknown}

Dungeon Overview and Level Annotations

Branches:
Dungeon (4/15)              Sewer (visited)
 Temple: D:4-7

Altars:
Elyvilon
Nemelex Xobeh
Zin
The Shining One


Message History

The quokka bites you but does no damage.
You shoot a sling bullet. The sling bullet hits the adder.
The adder is lightly wounded.
The endoplasm freezes you.
You are frozen.
The adder bites you but does no damage. The quokka closely misses you.
The endoplasm freezes you.
You are frozen.
You shoot a sling bullet.
The sling bullet barely misses the adder.
The adder barely misses you. The quokka closely misses you.
The adder barely misses you. The endoplasm freezes you.
You are frozen.
You shoot a sling bullet.
The sling bullet barely misses the adder.
The quokka barely misses you. The adder closely misses you.
The endoplasm hits you.
You shoot a sling bullet.
The sling bullet barely misses the adder.
The quokka barely misses you. The adder closely misses you.
The endoplasm freezes you.
You are frozen.
The quokka bites you. The adder bites you but does no damage.
You shoot a sling bullet. The sling bullet hits the adder.
The adder is severely wounded.
The quokka bites you. The adder bites you. The endoplasm freezes you.
You are frozen.
You shoot a sling bullet.
The sling bullet closely misses the adder.
The quokka bites you. The adder completely misses you.
The endoplasm closely misses you. The quokka bites you.
You shoot a sling bullet.
The sling bullet barely misses the adder.
The adder bites you but does no damage. The endoplasm closely misses you.
The quokka bites you but does no damage.
The adder bites you but does no damage.
You shoot a sling bullet. The sling bullet misses the adder.
The endoplasm closely misses you. The quokka bites you.
You die...

#.# #...%.##....##........#
#.# #####.......##........#
#.# #.......##........# #.#
### #........'........' #.#
##_# #.......##........#
#.###'.###.#.....##........#
#....'._##%#.#.#.##........#
##..##'.###r.J#.#.##....##...
#....##_##..@S.....'....##...
###########%###.#.##....##...
#....# #.#.##......... #....#
#.#.##....##... #....#
#.#.########.##
####.###.#.########...
####...........##.....
#.........#....##.....
#.........#....##.....


You could see an adder, an endoplasm and a quokka.

Vanquished Creatures
  Sigmund (D:3)
  2 hounds (D:3)
  8 adders
  2 river rats (Sewer)
  4 worms (D:3)
  2 dart slugs (D:1)
  An orc (D:3)
  8 ball pythons
  2 endoplasms
  4 giant cockroaches
  7 hobgoblins
  2 jackals (D:2)
  3 kobolds
  3 quokkas
  2 bats (D:2)
  5 frilled lizards
  6 goblins
  7 rats
69 creatures vanquished.

Notes
Turn   | Place    | Note
-------+----------+-------------------------------------------
     0 | D:1      | qw the Gargoyle Hexslinger began the quest for the Orb.
     0 | D:1      | Reached XP level 1. HP: 12/12 MP: 2/2
     0 | D:1      | 0 ||| qw: Version: 0.3-a-52-g30416fa
     0 | D:1      | 0 ||| qw: Game counter: 4796
     0 | D:1      | 0 ||| qw: Melee chars always use a shield: true
     0 | D:1      | 0 ||| qw: God list: Okawaru
     0 | D:1      | 0 ||| qw: Allow faded altars: false
     0 | D:1      | 0 ||| qw: Do Orc after clearing Dungeon:15 true
     0 | D:1      | 0 ||| qw: Do second Lair branch before Depths: true
     0 | D:1      | 0 ||| qw: Lair rune preference: random
     0 | D:1      | 0 ||| qw: Goals: Normal
     0 | D:1      | 0 ||| PLANNING D:1-11
   170 | D:1      | Found a faded altar of an unknown god.
   257 | D:1      | 257 ||| READING scroll labelled XANUOR LEDAARU.
   346 | D:1      | Reached XP level 2. HP: 16/16 MP: 3/3
   424 | D:1      | 424 ||| FLEEEEING.
   425 | D:1      | 425 ||| FLEEEEING.
   426 | D:1      | 426 ||| FLEEEEING.
   427 | D:1      | 427 ||| FLEEEEING.
   428 | D:1      | 428 ||| FLEEEEING.
   429 | D:1      | 429 ||| FLEEEEING.
   434 | D:1      | 434 ||| FLEEEEING.
   435 | D:1      | 435 ||| FLEEEEING.
   436 | D:1      | 436 ||| FLEEEEING.
   450 | D:1      | 450 ||| FLEEEEING.
   481 | D:1      | Reached skill level 3 in Ranged Weapons
   727 | D:1      | 727 ||| READING 3 scrolls labelled URECUBY CAEPP.
   728 | D:1      | 728 ||| READING scroll labelled DEXZUTUREY.
   729 | D:1      | 729 ||| DROPPING 2 scrolls of summoning.
   730 | D:1      | 730 ||| DROPPING scroll of poison.
  1118 | D:2      | Reached XP level 3. HP: 21/21 MP: 4/4
  1320 | D:2      | Reached XP level 4. HP: 17/26 MP: 5/5
  1584 | D:2      | Reached skill level 4 in Ranged Weapons
  1816 | D:2      | 1816 ||| UPGRADING to amulet of guardian spirit.
  1821 | D:2      | 1821 ||| READING 4 scrolls labelled DASUAD BOVIAS.
  1822 | D:2      | 1822 ||| READING scroll labelled OGRUTE HOGOIDDI.
  1823 | D:2      | 1823 ||| READING scroll labelled VAEZ YCIR POPO.
  1824 | D:2      | 1824 ||| READING scroll labelled BASTINWOMI.
  1825 | D:2      | 1825 ||| READING 3 scrolls of identify.
  1825 | D:2      | 1825 ||| IDENTIFYING bubbling green potion
  1826 | D:2      | 1826 ||| DROPPING potion of attraction.
  1852 | D:3      | 1852 ||| PLANNING SEWER
  1922 | D:3      | Found a sparkling altar of Nemelex Xobeh.
  2205 | D:3      | Noticed Sigmund
  2218 | D:3      | HP: 4/26 [Sigmund/magic dart (4)]
  2220 | D:3      | Killed Sigmund
  2221 | D:3      | Reached skill level 6 in Ranged Weapons
  2221 | D:3      | Reached XP level 5. HP: 6/30 MP: 1/6
  2221 | D:3      | Reached XP level 6. HP: 7/35 MP: 1/7
  2228 | D:3      | 2228 ||| FLEEEEING.
  2229 | D:3      | 2229 ||| FLEEEEING.
  2230 | D:3      | 2230 ||| FLEEEEING.
  2231 | D:3      | 2231 ||| FLEEEEING.
  2232 | D:3      | 2232 ||| FLEEEEING.
  2233 | D:3      | 2233 ||| FLEEEEING.
  2234 | D:3      | 2234 ||| FLEEEEING.
  2235 | D:3      | 2235 ||| FLEEEEING.
  2236 | D:3      | 2236 ||| FLEEEEING.
  2237 | D:3      | 2237 ||| FLEEEEING.
  2238 | D:3      | 2238 ||| FLEEEEING.
  2239 | D:3      | 2239 ||| FLEEEEING.
  2240 | D:3      | 2240 ||| FLEEEEING.
  2241 | D:3      | 2241 ||| FLEEEEING.
  2242 | D:3      | 2242 ||| FLEEEEING.
  2243 | D:3      | 2243 ||| FLEEEEING.
  2244 | D:3      | 2244 ||| FLEEEEING.
  2263 | D:3      | 2263 ||| FLEEEEING.
  2264 | D:3      | 2264 ||| FLEEEEING.
  2279 | D:3      | 2279 ||| FLEEEEING.
  2289 | D:3      | 2289 ||| STAIRDANCE
  2334 | D:2      | 2334 ||| UPGRADING to +6 ring of strength.
  2335 | D:2      | 2335 ||| READING 2 scrolls of identify.
  2335 | D:2      | 2335 ||| IDENTIFYING lumpy brown potion
  2443 | D:3      | Found a glowing drain.
  2473 | Sewer    | Entered a sewer
  2564 | Sewer    | 2564 ||| Stepping ~*~*~tactically~*~*~ (water).
  2578 | Sewer    | 2578 ||| Stepping ~*~*~tactically~*~*~ (water).
  2586 | Sewer    | 2586 ||| Stepping ~*~*~tactically~*~*~ (water).
  2591 | Sewer    | Reached skill level 3 in Fighting
  2688 | Sewer    | 2688 ||| Stepping ~*~*~tactically~*~*~ (water).
  2833 | Sewer    | 2833 ||| Stepping ~*~*~tactically~*~*~ (water).
  2849 | Sewer    | 2849 ||| READING scroll labelled PIELU IFELORHE.
  2850 | Sewer    | 2850 ||| DRINKING 2 silvery potions.
  2955 | Sewer    | 2955 ||| DRINKING 2 metallic pink potions.
  2956 | Sewer    | 2956 ||| DROPPING potion of berserk rage.
  2998 | D:3      | 2998 ||| PLANNING D:1-11
  3270 | D:3      | Found a glowing golden altar of the Shining One.
  3270 | D:3      | Found a white marble altar of Elyvilon.
  3270 | D:3      | Found a glowing silver altar of Zin.
  3323 | D:3      | 3323 ||| READING scroll labelled ETHUCS SUYXEW.
  3354 | D:4      | 3354 ||| STAIRDANCE
  3363 | D:3      | HP: 7/38 [quokka (3)]
  3364 | D:3      | HP: 3/38 [frozen (1)]
  3367 | D:3      | Slain by a quokka

Levels and vault maps discovered:
D:1:      minmay_arrival_split_and_join, layout_loops_ring, serial_glass,
          glass_columns_b, glass_columns_a, chequers_ecumenical_altar_grove,
          minivault_5
D:2:      layout_basic
D:3:      layout_basic, good_gods_mini_temple, nemelex_spade_bored_becter,
          cheibrodos_sewer_entry_bend, uniq_sigmund
D:4:      layout_loops_ring, mainiacjoe_overflow_tiny_flanked,
          minmay_temple_entry_grid, uniq_ijyb

Skill      XL: |  1  2  3  4  5  6 |
---------------+-------------------+-----
Ranged Weapons | 3 6 |  6.0
Fighting       | 2 3 |  3.9
Dodging        | |  1.5
Spellcasting   | |  1.0
Hexes          | |  2.6

Action                     |  1- 3 |  4- 6 || total
---------------------------+-------+-------++-------
   Fire: Sling             |   113 |   195 ||   308
    Use: Scroll            |     3 |     8 ||    11
         Potion            |       |     2 ||     2
 Armour: Robe              |    23 |    38 ||    61
  Dodge: Dodged            |    39 |    82 ||   121

Table legend:
 A = Non-vault XP
 B = Vault XP
 C = Vault XP percentage of total XP
 D = Non-vault monster count
 E = Vault monster count
 F = Vault count percentage of total count
                 A         B        C        D         E       F
            +---------+---------+-------+---------+---------+-------
      Total |     239 |     303 |  55.9 |      50 |      19 |  27.5
            +---------+---------+-------+---------+---------+-------
        D:1 |      26 |       0 |   0.0 |      12 |       0 |   0.0
        D:2 |      71 |       0 |   0.0 |      20 |       0 |   0.0
        D:3 |     140 |     223 |  61.4 |      17 |       3 |  15.0
        D:4 |       2 |       0 |   0.0 |       1 |       0 |   0.0
      Sewer |       0 |      80 | 100.0 |       0 |      16 | 100.0
            +---------+---------+-------+---------+---------+-------
